 Dungeon Sprint DCSS version 0.21.1-1-g345015f (webtiles) character file.

3000000 Fang the Axe Maniac (level 21, -7/224 HPs)
             Began as a Minotaur Gladiator on May 3, 2018.
             Was a High Priest of Makhleb.
             Mangled by a destroyer
             ... wielding a +9 great sword of slicing
              (231 damage)
             ... in the Dungeon (Sprint VIII: "Arena of Blood").
             The game lasted 00:00:28 (30 turns).

Fang the Axe Maniac (Minotaur Gladiator)              Turns: 30, Time: 00:00:29

Health: -7/224     AC:  6    Str: 29    XL:     21   Next: 24%
Magic:  18/44      EV: 28    Int:  5    God:    Makhleb [*****.]
Gold:   0          SH:  0    Dex: 12    Spells: 60/60 levels left

rFire    . . .     SeeInvis .   l - +∞ Axe of Woe
rCold    . . .     Gourm    .   (shield currently unavailable)
rNeg     . . .     Faith    .   b - +0 leather armour
rPois    .         Spirit   .   c - +0 hat
rElec    .         Reflect  .   (no cloak)
rCorr    .         Harm     .   (no gloves)
MR       +....     NoTele   +   (no boots)
Stlth    +++++++++.             (no amulet)
HPRegen  0.47/turn              (no ring)
MPRegen  0.29/turn              (no ring)

@: no status effects
A: retaliatory headbutt, horns 2
a: Minor Destruction, Lesser Servant of Makhleb, Major Destruction, Greater
Servant of Makhleb, Renounce Religion


You were in the Dungeon.
You worshipped Makhleb.
Makhleb was extremely pleased with you.
You were not hungry.

You visited 1 branch

Inventory:

Hand Weapons
 a - a +0 war axe
 l - the +∞ Axe of Woe (weapon)
   (You found it in the Dungeon)
Missiles
 d - 3 throwing nets (quivered)
Armour
 b - a +0 leather armour (worn)
 c - a +0 hat (worn)
Scrolls
 k - a scroll of blinking
Potions
 e - a potion of curing
 g - a potion of heal wounds
 h - a potion of haste
 i - 2 potions of magic
 j - a potion of berserk rage
Comestibles
 f - a ration


   Skills:
 O Level 27 Fighting
 O Level 27 Axes
 O Level 27 Throwing
 O Level 27 Armour
 O Level 27 Dodging
 O Level 27 Stealth
 O Level 27 Unarmed Combat
 + Level 20.1 Spellcasting
 + Level 26.4 Invocations


You had 60 spell levels left.
You didn't know any spells.

Dungeon Overview and Level Annotations

Branches:
Dungeon (1/1)

Altars:
Makhleb


Innate Abilities, Weirdness & Mutations

You reflexively headbutt those who attack you in melee.
You have a pair of horns on your head.


Message History

A bag of meat comes into view. It is wielding a +9 war axe.
The bag of meat shouts!
You slice the meat berserker!!
You chop the meat berserker into pieces.
You kill the meat berserker!
Makhleb accepts your kill.
You have mastered Unarmed Combat!
Your Spellcasting skill gained 2 levels and is now at level 20!
Your Invocations skill gained 2 levels and is now at level 26!
You have reached level 21!
Your experience leads to an increase in your attributes!
Increase (S)trength, (I)ntelligence, or (D)exterity?
You feel stronger.
You hear a shout! x4 2 orcs and a two-headed ogre come into view.
Unknown command.
You hear a shout! x6
The destroyer hits you with a +9 great sword of slicing!!!!!
Ouch! That really hurt!
You die...

#... #... ..#
......###... ..###.
...........###......
...#........_......
.#.......#.....#
.o.......#_.<._#
#...O..)#)....#...
...#...))..)_......
......V@)))###......
.....O###)).....###.
..... #.......# ....
#.......# ...
...O..... #.
......o... .
.....o....
.....o....


You could see a destroyer, a large bag of meat (inner flame), a meat berserker
(berserk) and 2 bags of meat.

Vanquished Creatures
  2 vampire knights (D)
  7 ogres (D)
  13 orcs (D)
22 creatures vanquished.

Notes
Turn   | Place    | Note
-------+----------+-------------------------------------------
     0 | D        | Found the +∞ Axe of Woe
     0 | D        | Fang the Minotaur Gladiator began the quest for the Orb.
     0 | D        | Reached XP level 1. HP: 18/18 MP: 0/0
     3 | D        | Noticed a bag of meat
     4 | D        | Became a worshipper of Makhleb the Destroyer
     5 | D        | Noticed a bag of meat
     6 | D        | Noticed a bag of meat
     7 | D        | Noticed a bag of meat
     7 | D        | Noticed a meat berserker
     8 | D        | Killed a meat berserker
     8 | D        | Reached skill level 10 in Throwing
     8 | D        | Reached XP level 2. HP: 47/47 MP: 1/1
     8 | D        | Reached XP level 3. HP: 53/53 MP: 2/2
     8 | D        | Reached XP level 4. HP: 61/61 MP: 3/3
     8 | D        | Reached XP level 5. HP: 68/68 MP: 4/4
     8 | D        | Reached XP level 6. HP: 75/75 MP: 5/5
     8 | D        | Reached XP level 7. HP: 82/82 MP: 6/6
     8 | D        | Reached XP level 8. HP: 90/90 MP: 7/7
     8 | D        | Reached XP level 9. HP: 96/96 MP: 8/8
     8 | D        | Reached XP level 10. HP: 104/104 MP: 9/9
     8 | D        | Reached XP level 11. HP: 111/111 MP: 10/10
     8 | D        | Reached XP level 12. HP: 118/118 MP: 11/11
     8 | D        | Reached XP level 13. HP: 125/125 MP: 12/12
     9 | D        | Killed a bag of meat
     9 | D        | Reached * piety under Makhleb
     9 | D        | Reached skill level 15 in Fighting
    10 | D        | Noticed a bag of meat
    11 | D        | Noticed a bag of meat
    11 | D        | Noticed a meat berserker
    11 | D        | Killed a bag of meat
    11 | D        | Reached XP level 14. HP: 138/138 MP: 13/13
    12 | D        | Noticed a bag of meat
    13 | D        | Noticed a meat berserker
    13 | D        | Noticed a meat berserker
    14 | D        | Noticed a bag of meat
    14 | D        | Killed a bag of meat
    14 | D        | Reached skill level 27 in Axes
    14 | D        | Killed a meat berserker
    14 | D        | Reached ** piety under Makhleb
    14 | D        | Reached skill level 27 in Dodging
    14 | D        | Reached XP level 15. HP: 163/163 MP: 14/14
    16 | D        | Reached skill level 27 in Fighting
    16 | D        | Reached XP level 16. HP: 183/183 MP: 15/15
    17 | D        | Reached *** piety under Makhleb
    18 | D        | Killed a meat berserker
    18 | D        | Reached skill level 27 in Throwing
    18 | D        | Reached XP level 17. HP: 191/191 MP: 16/16
    19 | D        | Noticed a meat berserker
    19 | D        | Killed a meat berserker
    19 | D        | Reached skill level 10 in Stealth
    20 | D        | Noticed a meat berserker
    20 | D        | Reached **** piety under Makhleb
    20 | D        | Reached skill level 15 in Armour
    21 | D        | Reached skill level 15 in Unarmed Combat
    21 | D        | Reached skill level 10 in Spellcasting
    21 | D        | Reached XP level 18. HP: 200/200 MP: 16/31
    22 | D        | Noticed a destroyer
    22 | D        | Noticed a destroyer
    22 | D        | Noticed a meat berserker
    24 | D        | Noticed a destroyer
    24 | D        | Killed a meat berserker
    24 | D        | Reached ***** piety under Makhleb
    24 | D        | Reached XP level 19. HP: 207/207 MP: 16/32
    24 | D        | Reached skill level 27 in Stealth
    24 | D        | Killed a destroyer
    26 | D        | Noticed a large bag of meat
    26 | D        | Noticed a meat berserker
    26 | D        | Killed a meat berserker
    26 | D        | Reached XP level 20. HP: 216/216 MP: 17/39
    27 | D        | Killed a destroyer
    28 | D        | Reached skill level 27 in Armour
    29 | D        | Killed a meat berserker
    29 | D        | Reached skill level 27 in Unarmed Combat
    29 | D        | Reached XP level 21. HP: 224/224 MP: 17/44
    30 | D        | Noticed a large bag of meat
    30 | D        | Mangled by a destroyer

Skill      XL: |  1  2  3  4  5  6  7  8  9 10 11 12 13 14 15 16 17 18 19 20 |
---------------+-------------------------------------------------------------+-----
Fighting       | 14 16 23 27 | 27.0
Axes           | 23 26 27 | 27.0
Throwing       | 10 12 18 21 27 | 27.0
Dodging        | 21 24 27 | 27.0
Armour         | 16 24 27 | 27.0
Stealth        | 13 26 27 | 27.0
Unarmed Combat | 15 22 27 | 27.0
Spellcasting   | 10 16 20 | 20.1
Invocations    | 14 21 26 | 26.4

Action                   |  1- 3 |  4- 6 |  7- 9 | 10-12 | 13-15 | 16-18 | 19-21 || total
-------------------------+-------+-------+-------+-------+-------+-------+-------++-------
Melee: Executioner's axe |     1 |       |       |       |     4 |     7 |     5 ||    17
Dodge: Dodged            |       |       |       |       |     1 |       |       ||     1
